 Dungeon Crawl Stone Soup version 0.26-a0-1205-g4083c211ab (webtiles) character file.

Game seed: 10183152728818000826

121 jestyr24 the Chiller (level 4, 0/35 HPs)
             Began as a Draconian Ice Elementalist on Dec 29, 2020.
             Slain by a gnoll
             ... wielding a +0 spear
              (2 damage)
             ... on level 3 of the Dungeon.
             The game lasted 00:12:04 (2308 turns).

jestyr24 the Chiller (Draconian Ice Elementalist)   Turns: 2308, Time: 00:12:05

Health: 0/35       AC:  5    Str: 10    XL:     4   Next: 76%
Magic:  1/8        EV: 12    Int: 16    God:
Gold:   31         SH:  0    Dex: 12    Spells: 1/8 levels left

rFire    x . .     SeeInvis +   i - +0 dagger
rCold    + . .     Faith    .   (no shield)
rNeg     . . .     Spirit   .   (armour unavailable)
rPois    .         Reflect  .   (helmet restricted)
rElec    .         Harm     .   (no cloak)
rCorr    .         Rampage  .   (no gloves)
Will     .....                  (no boots)
Stlth    ++........             (no amulet)
HPRegen  0.11/turn              m - ring of ice
MPRegen  0.11/turn              p - ring of see invisible

@: very slightly contaminated
A: unfitting armour, cold-blooded, AC +5
a: no special abilities


You were on level 3 of the Dungeon.
You visited 1 branch of the dungeon, and saw 3 of its levels.

You collected 31 gold pieces.

Inventory:

Hand Weapons
 b - a +0 club
 i - a +0 dagger (weapon)
 r - a +0 short sword
Missiles
 c - 18 stones (quivered)
 l - 12 sling bullets
Armour
 o - a +0 kite shield
Jewellery
 m - a ring of ice (left hand)
 p - a ring of see invisible (right hand)
Scrolls
 a - a scroll of remove curse {unknown}
 d - 4 scrolls of identify {unknown}
 f - a scroll of fog {unknown}
 g - 3 scrolls of noise {unknown}
 h - 2 scrolls of teleportation {unknown}
 k - a scroll of magic mapping {unknown}
 q - a scroll of blinking {unknown}
Potions
 e - a potion of heal wounds
 j - a potion of brilliance {unknown}
 n - 3 potions of magic {unknown}


   Skills:
 * Level 1.5 Fighting
 + Level 1.8 Dodging
 + Level 2.4 Stealth
 + Level 2.7 Spellcasting
 + Level 5.1 Ice Magic


You had one spell level left.
You knew the following spells:

 Your Spells              Type           Power        Failure   Level
a - Freeze                Ice            100%         2%          1
b - Frozen Ramparts       Ice            56%          7%          3
c - Ozocubu's Armour      Ice            28%          7%          3

Your spell library contained the following spells:

 Spells                   Type           Power        Failure   Level
 Hailstorm                Conj/Ice       15%          54%         4
 Summon Ice Beast         Ice/Summ       15%          54%         4


Dungeon Overview and Level Annotations

Branches:
Dungeon (3/15)

Altars:
Ru
Trog


Innate Abilities, Weirdness & Mutations

Your plain brown scales are hard. (AC +5)
You cannot fit into any form of body armour.
You are cold-blooded and may be slowed by cold attacks.


Message History

You hit the gnoll.
The gnoll is almost dead.
The gnoll hits you from afar with a +0 spear.
You closely miss the gnoll.
The gnoll is almost dead.
The gnoll barely misses you.
The gnoll hits you from afar with a +0 spear!
You hit the gnoll.
The gnoll is almost dead.
The gnoll hits you from afar with a +0 spear.
* * * LOW HITPOINT WARNING * * *
The gnoll hits you with a +0 club.
* * * LOW HITPOINT WARNING * * *
You barely miss the gnoll. You tail-slap the gnoll.
You kill the gnoll!
The gnoll hits you from afar with a +0 spear.
* * * LOW HITPOINT WARNING * * *
Unknown command.
The gnoll hits you with a +0 spear.
You die...

#......#.
#.......#
#...((.?.
#>.......
#........
#.>......
#<.<...h#
#)g......
#@##.....
#.# ..#.
#...# .#
#.#.h. ..
#. .#...
. ##
##...#
.... ...
...


You could see a gnoll and 2 jackals.

Vanquished Creatures
  A gnoll (D:3)
  4 adders (D:2)
  An ooze (D:2)
  6 worms
  A dart slug (D:1)
  4 leopard geckos
  An orc (D:3)
  A ball python (D:1)
  2 giant cockroaches
  4 goblins
  7 hobgoblins
  A jackal (D:3)
  4 kobolds
  A quokka (D:2)
  2 bats
  5 frilled lizards
  6 rats
51 creatures vanquished.

Notes
Turn   | Place    | Note
-------+----------+-------------------------------------------
     0 | D:1      | jestyr24 the Draconian Ice Elementalist began the quest for
                  | the Orb.
     0 | D:1      | Reached XP level 1. HP: 14/14 MP: 3/3
   380 | D:1      | Reached XP level 2. HP: 20/20 MP: 3/5
  1056 | D:2      | Reached XP level 3. HP: 27/27 MP: 2/6
  1303 | D:2      | Reached skill level 1 in Fighting
  1342 | D:2      | Found a bloodstained altar of Trog.
  1697 | D:2      | Found a sacrificial altar of Ru.
  1708 | D:2      | Reached XP level 4. HP: 35/35 MP: 5/7
  1712 | D:2      | Learned a level 3 spell: Frozen Ramparts
  1716 | D:2      | Learned a level 3 spell: Ozocubu's Armour
  2290 | D:3      | Reached skill level 5 in Ice Magic
  2308 | D:3      | Slain by a gnoll

Illustrated notes

Levels and vault maps discovered:
D:1:      minmay_arrival_up_and_down, layout_basic, roderic_serpentine_path
D:2:      layout_basic, bloody_trog, nicolae_overflow_crystal_walls,
          minmay_diced_spiral
D:3:      layout_loops_ring, gammafunk_temple_overflow_elements,
          chequers_ecumenical_altar_simple

Skill      XL: |  1  2  3  4 |
---------------+-------------+-----
Stealth        | 2 |  2.4
Fighting       | 1 |  1.5
Ice Magic      | 5 |  5.1
Dodging        | |  1.8
Spellcasting   | |  2.7

Action                   |  1- 3 |  4- 6 || total
-------------------------+-------+-------++-------
Melee: Club              |     9 |       ||     9
       Dagger            |    29 |    24 ||    53
       Tailslap          |     4 |     3 ||     7
Throw: Stone             |    24 |    14 ||    38
 Cast: Freeze            |    50 |    19 ||    69
       Frozen Ramparts   |       |     1 ||     1
  Use: Potion            |       |     1 ||     1
 Stab: Sleeping          |     5 |     1 ||     6
Armor: Skin              |    18 |     5 ||    23
Dodge: Dodged            |    39 |    22 ||    61

Table legend: (Time is in decaauts)
 A = Elapsed time spent in this place.
 B = Non-inter-level travel time spent in this place.
 C = Inter-level travel time spent in this place.
 D = Time resting spent in this place.
 E = Time spent auto-exploring this place.
 F = Levels seen in this place.
 G = Mean time per level.
                   A        B        C        D        E       F      G
               +--------+--------+--------+--------+--------+-----+--------+
         Total |   2312 |   2250 |     62 |    809 |    731 |   3 |  770.7 |
       Dungeon |   2312 |   2250 |     62 |    809 |    731 |   3 |  770.7 |
               +--------+--------+--------+--------+--------+-----+--------+

Top non-repeatable levels by time:
     D:2: 1283 daAuts
     D:1: 1000 daAuts
     D:3: 28 daAuts
